 Dungeon Crawl Stone Soup version 0.23.2-40-g277498a001 (webtiles) character file.

Game seed: 3011389494133268963

25 Descartes the Insei (level 3, -1/18 HPs)
             Began as a Vine Stalker Transmuter on Oct 13, 2019.
             Slain by an adder (2 damage)
             ... on level 2 of the Dungeon.
             The game lasted 00:02:43 (1594 turns).

Descartes the Insei (Vine Stalker Transmuter)       Turns: 1594, Time: 00:02:44

Health: -1/18      AC:  2    Str: 13    XL:     3   Next: 4%
Magic:  0/7        EV: 12    Int: 13    God:
Gold:   55         SH:  0    Dex: 14    Spells: 5/6 levels left

rFire    . . .     SeeInvis .     - Unarmed
rCold    . . .     Gourm    .   (no shield)
rNeg     . . .     Faith    .   b - +0 robe
rPois    .         Spirit   +   (no helmet)
rElec    .         Reflect  .   (no cloak)
rCorr    .         Harm     .   (no gloves)
MR       .....     Rnd*Rage +   (no boots)
Stlth    ++........             (no amulet)
HPRegen  0.00/turn              k - ring of flight
MPRegen  0.10/turn              (no ring)

@: lethally poisoned (-1 -> -4)
A: fangs 2, berserk 1, inhibited regeneration, wild magic 1, magic shield,
antimagic bite, no potion heal 3, rot immunity, MP-powered wands
a: Evoke Flight


You were on level 2 of the Dungeon.
You were not hungry.

You visited 1 branch of the dungeon, and saw 2 of its levels.

You collected 55 gold pieces.

Inventory:

Missiles
 a - 12 arrows
 c - 5 tomahawks (quivered)
 e - 48 stones
 i - 23 bolts
Armour
 b - a +0 robe (worn)
Jewellery
 k - a ring of flight (left hand)
Scrolls
 g - a scroll of magic mapping {unknown}
 h - a scroll of identify {unknown}
Comestibles
 d - 4 rations
 j - a chunk of flesh


   Skills:
 + Level 1.1 Fighting
 + Level 0.5 Armour
 + Level 1.7 Dodging
 + Level 0.9 Stealth
 * Level 3.3 Unarmed Combat
 + Level 2.3 Spellcasting
 + Level 2.1 Transmutations


You had 5 spell levels left.
You knew the following spells:

 Your Spells              Type           Power        Failure   Level  Hunger
a - Beastly Appendage     Tmut           #.....       14%         1    #......

Your spell library contained the following spells:

 Spells                   Type           Power        Failure   Level  Hunger
 Sticks to Snakes         Tmut           #.......     22%         2    ###....
 Spider Form              Tmut/Pois      #.........   52%         3    ###....
 Ice Form                 Ice/Tmut       #.......     88%         4    #####..
 Blade Hands              Tmut           #.........   97%         5    ######.


Dungeon Overview and Level Annotations

Branches:
Dungeon (2/15)

Altars:


Innate Abilities, Weirdness & Mutations

You have extremely sharp teeth.
When hurt, damage is shared between your health and your magic reserves.
Your bite disrupts and absorbs the magic of your enemies.
Potions cannot restore your health.
You are immune to rotting.
You tend to lose your temper in combat.
You do not regenerate when monsters are visible.
Your spells are a little harder to cast, but a little more powerful.
You expend magic power (3 MP) to strengthen your wands.


Message History

The adder is heavily wounded.
The goblin hits you but does no damage. The adder bites you.
You closely miss the adder. Your bite misses the adder.
The adder is moderately wounded.
* * * LOW HITPOINT WARNING * * *
You feel sick. The adder misses you. The goblin hits you.
* * * LOW HITPOINT WARNING * * *
You barely miss the adder.
The adder is moderately wounded.
The adder barely misses you. The goblin hits you but does no damage.
It was a potion of mutation.
You feel extremely strange.
Your regeneration stops near monsters.
You feel your magical essence link to your wands.
You feel a little pissed off.
You feel less in control of your magic. The adder bites you.
The goblin hits you but does no damage. The adder barely misses you.
You barely miss the adder.
The adder is moderately wounded.
The adder bites you.
You die...

........#.#
##.........#
#..........#
#...........
#.....$....#
#.....?....#
#...gS.....#
#..@.....#
#######..........
#...............#
######...........
#...........
#...........
#...........
##.<......#.
##......##


You could see an adder and a goblin.

Vanquished Creatures
  A dart slug (D:1)
  A leopard gecko (D:1)
  A bat (D:1)
  2 giant cockroaches (D:1)
  2 goblins (D:1)
  4 hobgoblins (D:1)
  4 kobolds (D:1)
  A ball python (D:1)
  4 rats (D:1)
20 creatures vanquished.

Notes
Turn   | Place    | Note
-------+----------+-------------------------------------------
     0 | D:1      | Descartes the Vine Stalker Transmuter began the quest for
                  | the Orb.
     0 | D:1      | Reached XP level 1. HP: 9/9 MP: 4/4
   331 | D:1      | Reached skill level 1 in Fighting
   374 | D:1      | Reached XP level 2. HP: 4/14 MP: 3/6
  1467 | D:1      | Reached XP level 3. HP: 18/18 MP: 7/7
  1593 | D:2      | Gained mutation: You do not regenerate when monsters are
                  | visible. [potion of mutation]
  1593 | D:2      | Gained mutation: You expend magic power (3 MP) to
                  | strengthen your wands. [potion of mutation]
  1593 | D:2      | Gained mutation: You tend to lose your temper in combat.
                  | [potion of mutation]
  1593 | D:2      | Gained mutation: Your spells are a little harder to cast,
                  | but a little more powerful. [potion of mutation]
  1594 | D:2      | Slain by an adder

Skill      XL: |  1 |
---------------+----+-----
Fighting       | 1 |  1.1
Armour         | |  0.5
Dodging        | |  1.7
Stealth        | |  0.9
Unarmed Combat | |  3.3
Spellcasting   | |  2.3
Transmutations | |  2.1

Action                   || total
-------------------------++-------
Melee: Unarmed           ||    90
       Bite              ||    19
       Punch             ||     1
  Use: Potion            ||     1
 Stab: Sleeping          ||     1
  Eat: Chunk             ||     2
Armor: Robe              ||    12
Dodge: Dodged            ||    51
